 Dungeon Crawl Stone Soup version 0.30-a0-1112-gfb780f5df6 (webtiles) character file.

Game seed: 5173740134012147026

7 cforsyth the Poker (level 1, 0/16 HPs)
             Began as a Demigod Wanderer on Apr 20, 2023.
             Slain by a jackal (3 damage)
             ... on level 1 of the Dungeon.
             The game lasted 00:00:35 (261 turns).

cforsyth the Poker (Demigod Wanderer)                Turns: 261, Time: 00:00:36

Health: 0/16       AC:  3    Str: 12    XL:     1   Next: 73%
Magic:  0/4        EV: 11    Int: 14    God:
Gold:   37         SH:  0    Dex: 14    Spells: 1/2 levels left

rFire   . . .      SeeInvis .    a - +0 spear
rCold   . . .      Faith    .    (no shield)
rNeg    . . .      Spirit   .    d - +0 robe
rPois   .          Reflect  .    (no helmet)
rElec   .          Rampage  .    (no cloak)
rCorr   .                        b - +0 pair of gloves
Will    .....                    (no boots)
Stlth   ++                       (no amulet)
HPRegen 0.22/turn                (no ring)
MPRegen 0.09/turn                (no ring)

@: no status effects
A: high MP 1, forlorn, divine attributes
a: no special abilities


You were on level 1 of the Dungeon.
You visited 1 branch of the dungeon, and saw 1 of its levels.

You collected 37 gold pieces.

Inventory:

Hand Weapons
 a - a +0 spear (weapon)
Armour
 b - a +0 pair of gloves (worn)
 d - a +0 robe (worn)
Scrolls
 c - a scroll of blinking


   Skills:
 + Level 1.4 Fighting
 - Level 3.6 Polearms
 + Level 0.9 Armour
 - Level 1.0 Stealth
 - Level 1.0 Spellcasting
 - Level 2.6 Conjurations


You had one spell level left.
You knew the following spells:

 Your Spells              Type           Power      Damage    Failure   Level
a - Foxfire               Conj/Fire      16%        2x1d4     16%         1

Your spell library contained the following spells:

 Spells                   Type           Power      Damage    Failure   Level
 Flame Wave               Conj/Fire      4%         2d5       83%         4
 Iskenderun's Mystic Bla  Conj/Tloc      4%         2d3       83%         4


Dungeon Overview and Level Annotations

Branches:
Dungeon (1/15)


Innate Abilities, Weirdness & Mutations

You have an increased reservoir of magic. (+10% MP)
You shall have no god before yourself.
Your divine heritage dramatically boosts your attributes as you level up.


Message History

The jackal bites you but does no damage.
The foxfire hits the jackal.
The jackal is severely wounded.
The jackal bites you but does no damage.
The jackal misses you.
You conjure some foxfire!
The foxfire hits the jackal.
The jackal is heavily wounded.
The jackal barely misses you.
The jackal bites you but does no damage.
The jackal closely misses you. The jackal misses you.
The jackal bites you but does no damage.
You are out of magic!
You closely miss the jackal.
The jackal is severely wounded.
The foxfire hits the jackal.
The jackal is lightly wounded.
The foxfire hits the jackal.
The jackal is heavily wounded.
The jackal barely misses you. The jackal bites you.
The jackal bites you but does no damage.
The jackal barely misses you.
You hit the jackal.
You kill the jackal!
The jackal barely misses you. The jackal bites you.
The jackal closely misses you. The jackal bites you. x2
You are too injured to fight recklessly!
You are too injured to fight recklessly!
You are too injured to fight recklessly!
You hit the jackal but do no damage.
The jackal is moderately wounded.
The jackal bites you.
The jackal bites you but does no damage.
The jackal bites you.
* * * LOW HITPOINT WARNING * * *
Casting: Foxfire (safe; 16% risk of failure)
Confirm with . or Enter, or press ? or * to list all spells.
You conjure some foxfire!
The jackal bites you.
* * * LOW HITPOINT WARNING * * *
The jackal closely misses you. The jackal bites you.
You die...

..... ### #...#
.... .. #...# .
..#.##.###...# .#
#......#.....#
#..#
....#.......#.....
#.......#h...#.##
#.#.....v@h......
#.......vh..##.##
#.....#####.#
####...........#
#........####..#
#.##.†##.###
#.......# #
#.#######
#.#.##.########


You could see 3 jackals.

Vanquished Creatures
  A bat (D:1)
  3 goblins (D:1)
  A jackal (D:1)
  A rat (D:1)
6 creatures vanquished.

Vanquished Creatures (others)
  16 foxfires (D:1)
16 creatures vanquished.

Grand Total: 22 creatures vanquished

Notes
Turn   | Place    | Note
-------+----------+-------------------------------------------
     0 | D:1      | cforsyth the Demigod Wanderer began the quest for the Orb.
     0 | D:1      | cforsyth set off with the following items: a +0 spear, a +0
                  | pair of gloves, a scroll of blinking, a +0 robe; and the
                  | following spell memorised: Foxfire; and the following
                  | spells available to memorise: Flame Wave, Iskenderun's
                  | Mystic Blast.
     0 | D:1      | Reached XP level 1. HP: 16/16 MP: 4/4
   261 | D:1      | Slain by a jackal

Illustrated notes

Levels and vault maps discovered:
D:1:      roderic_octagonal_star, layout_basic

Action                     || total
---------------------------++-------
  Melee: Spear             ||    16
   Cast: Foxfire           ||    13
 Armour: Robe              ||    11
  Dodge: Dodged            ||    18

Table legend: (Time is in decaauts)
 A = Elapsed time spent in this place.
 B = Non-inter-level travel time spent in this place.
 C = Inter-level travel time spent in this place.
 D = Time resting spent in this place.
 E = Time spent auto-exploring this place.
 F = Levels seen in this place.
 G = Mean time per level.
                   A        B        C        D        E       F      G
               +--------+--------+--------+--------+--------+-----+--------+
         Total |    259 |    259 |      0 |      0 |    214 |   1 |  259.0 |
       Dungeon |    259 |    259 |      0 |      0 |    214 |   1 |  259.0 |
               +--------+--------+--------+--------+--------+-----+--------+

Top non-repeatable levels by time:
     D:1: 259 daAuts
